 Dungeon Crawl Stone Soup version 0.23.2-33-g5129a83184 (webtiles) character file.

Game seed: 9349187838684637812

37 Felnil the Firebug (level 3, -7/24 HPs)
             Began as a Mummy Fire Elementalist on Aug 7, 2019.
             Mangled by an orc warrior
             ... wielding a +0 short sword
              (9 damage)
             ... on level 2 of the Dungeon.
             The game lasted 00:11:52 (1714 turns).

Felnil the Firebug (Mummy Fire Elementalist)        Turns: 1714, Time: 00:11:53

Health: -7/24      AC:  2    Str: 11    XL:     3   Next: 21%
Magic:  3/7        EV: 12    Int: 15    God:
Gold:   33         SH:  0    Dex: 12    Spells: 1/7 levels left

rFire    x . .     SeeInvis .   (no weapon)
rCold    + . .     Gourm    .   (no shield)
rNeg     + + +     Faith    .   a - +0 robe
rPois    ∞         Spirit   .   (no helmet)
rElec    .         Reflect  .   (no cloak)
rCorr    .         Harm     .   (no gloves)
MR       .....                  (no boots)
Stlth    ++........             (no amulet)
HPRegen  0.08/turn              (no ring)
MPRegen  0.10/turn              (no ring)

@: no status effects
A: no food or potions, fire vulnerability, cold resistance 1, negative energy
resistance 3, torment resistance, unbreathing
a: no special abilities


You were on level 2 of the Dungeon.
You were not hungry.

You visited 1 branch of the dungeon, and saw 2 of its levels.

You collected 33 gold pieces.

Inventory:

Armour
 a - a +0 robe (worn)
Scrolls
 b - 2 scrolls of teleportation {unknown}
 c - a scroll of random uselessness {unknown}
 d - 3 scrolls of fog {unknown}
 e - a scroll of identify {unknown}


   Skills:
 - Level 1.5 Dodging
 - Level 1.5 Stealth
 - Level 2.6 Spellcasting
 - Level 0.7 Conjurations
 + Level 3.6 Fire Magic


You had one spell level left.
You knew the following spells:

 Your Spells              Type           Power        Failure   Level  Hunger
a - Flame Tongue          Conj/Fire      #....        9%          1    N/A
b - Throw Flame           Conj/Fire      #.....       13%         2    N/A
c - Conjure Flame         Conj/Fire      #.......     26%         3    N/A

Your spell library contained the following spells:

 Spells                   Type           Power        Failure   Level  Hunger
 Inner Flame              Hex/Fire       #.......     30%         3    N/A
 Sticky Flame             Conj/Fire      #.......     63%         4    N/A
 Fireball                 Conj/Fire      #.........   93%         5    N/A

Dungeon Overview and Level Annotations

Branches:
Dungeon (2/15)

Altars:
Hepliaklqana
The Shining One

Annotations:
D:2 1 transporter


Innate Abilities, Weirdness & Mutations

You do not eat or drink.
Your flesh is vulnerable to fire.
You are immune to poison.
Your flesh is cold resistant. (rC+)
You are immune to negative energy. (rN+++)
You are immune to unholy pain and torment.
You can survive without breathing.


Message History

The killer bee completely misses you. The killer bee stings you.
The orc warrior barely misses you.
Casting: Flame Tongue (safe; 9% risk of failure)
Confirm with . or Enter, or press ? or * to list all spells.
Aiming: Flame Tongue (safe; 9% risk of failure)
Press: ? - help, Shift-Dir - straight line, f/p - killer bee
Aim: a killer bee (moderately wounded)
The flame tongue misses the killer bee.
The killer bee stings you! The killer bee barely misses you.
The orc warrior completely misses you.
Casting: Flame Tongue (safe; 9% risk of failure)
Confirm with . or Enter, or press ? or * to list all spells.
Aiming: Flame Tongue (safe; 9% risk of failure)
Press: ? - help, Shift-Dir - straight line, f/p - killer bee
Aim: a killer bee (moderately wounded)
The flame tongue hits the killer bee.
The killer bee is heavily wounded.
The killer bee stings you. x2
* * * LOW HITPOINT WARNING * * *
The orc warrior hits you with a +0 short sword!
You die...

##.....©.......######
#..#########...)....#
#.##8$[_)$8##.#.....#
#.#..!)$%?..#.#.....# #
#.#..#...#..#.#...).#
####.#####.#.#.....#.#.......#
.......<.÷.#©........#.#..[..#
####.#####.#.#.."..#.#.#.....#
# #.#..#.@.#..#.#.....# #)
#.#...oy....#.#.#####
....###†##8.....8##.#.#
....).>..#########..#.#
.##.###......©.....##.#
#.#......####...# #.####...#
.### #.# #.#.# .# ..# ...#...
.#


You could see an orc warrior and a killer bee.

Vanquished Creatures
  2 leopard geckos (D:1)
  A ball python (D:1)
  4 bats (D:1)
  A giant cockroach (D:1)
  2 hobgoblins (D:1)
  5 jackals (D:2)
  2 kobolds (D:1)
  A frilled lizard (D:1)
  8 goblins (D:1)
  2 rats (D:1)
28 creatures vanquished.

Notes
Turn   | Place    | Note
-------+----------+-------------------------------------------
     0 | D:1      | Felnil the Mummy Fire Elementalist began the quest for the
                  | Orb.
     0 | D:1      | Reached XP level 1. HP: 13/13 MP: 4/4
   280 | D:1      | Reached XP level 2. HP: 14/19 MP: 0/5
   289 | D:1      | Reached skill level 3 in Fire Magic
   386 | D:1      | Learned a level 2 spell: Throw Flame
  1067 | D:1      | Reached XP level 3. HP: 24/24 MP: 0/7
  1174 | D:1      | Learned a level 3 spell: Conjure Flame
  1382 | D:2      | Found a transporter.
  1384 | D:2      | Found a hazy altar of Hepliaklqana.
  1384 | D:2      | Found a transporter.
  1385 | D:2      | Noticed an orc warrior
  1385 | D:2      | Noticed a killer bee
  1602 | D:2      | Found a glowing golden altar of the Shining One.
  1714 | D:2      | Mangled by an orc warrior

Skill      XL: |  1  2 |
---------------+-------+-----
Fire Magic     | 3 |  3.6
Dodging        | |  1.5
Stealth        | |  1.5
Spellcasting   | |  2.6
Conjurations   | |  0.7

Action                   || total
-------------------------++-------
Melee: Unarmed           ||     9
 Cast: Flame Tongue      ||    35
       Throw Flame       ||    16
       Conjure Flame     ||     3
Armor: Robe              ||     8
Dodge: Dodged            ||    31
